 Dungeon Crawl Stone Soup version 0.31-a0-819-gf6de2f5ab6 (webtiles) character file.

Game seed: 8359686464999330372

371 qw the Shooter (level 6, -5/38 HPs)
             Began as a Gargoyle Hunter on Sept 23, 2023.
             Slain by a black bear (9 damage)
             ... on level 4 of the Dungeon.
             The game lasted 00:01:18 (3006 turns).

qw the Shooter (Gargoyle Hunter)                    Turns: 3006, Time: 00:01:19

Health: -5/38      AC: 13    Str: 14    XL:     6   Next: 71%
Magic:  6/6        EV: 10    Int: 10    God:
Gold:   208        SH:  0    Dex: 15    Spells: 5/5 levels left

rFire   . . .        Y - +1 shortbow
rCold   + . .        (shield currently unavailable)
rNeg    + . .        j - +0 ring mail
rPois   inf          (no helmet)
rElec   +            e - +0 cloak
rCorr   .            d - +2 pair of gloves {infuse}
SInv    +            (no boots)
Will    .....        (no amulet)
Stlth   +            h - ring of see invisible
HPRegen 0.26/turn    i - ring of protection from cold
MPRegen 0.10/turn

%: infuse magic (1 MP)
@: no status effects
A: sickness immunity, AC +4, negative energy resistance 1, electricity
resistance, torment resistance 1, petrification resistance
a: no special abilities


You were on level 4 of the Dungeon.
You visited 1 branch of the dungeon, and saw 4 of its levels.

You collected 208 gold pieces.


Innate Abilities, Weirdness & Mutations

You are immune to sickness and miasma.
Your stone body is resilient. (AC +4)
You are immune to poison.
You resist negative energy. (rN+)
You are resistant to electric shocks. (rElec)
You are resistant to unholy torment.
You are immune to petrification.


   Skills:
 - Level 4.0 Fighting
 - Level 7.0 Ranged Weapons
 + Level 1.0 Armour
 - Level 1.5 Dodging
 - Level 1.1 Stealth


You had 5 spell levels left.
You didn't know any spells.
Your spell library was empty.

Inventory:

Hand Weapons
 Y - a +1 shortbow (weapon)
Armour
 d - a +2 pair of gloves of infusion (worn)
 e - a +0 cloak (worn)
 j - a +0 ring mail (worn)
Jewellery
 h - a ring of see invisible (left hand)
 i - a ring of protection from cold (right hand)
Scrolls
 g - a scroll of brand weapon {unknown}
Potions
 a - a potion of might {unknown}
 b - a potion of curing {unknown}
 c - a potion of invisibility {unknown}
 f - 2 potions of cancellation
 k - a potion of degeneration {unknown}
 l - a potion of magic {unknown}
 m - a potion of heal wounds {unknown}

Dungeon Overview and Level Annotations

Branches:
Dungeon (4/15)
 Temple: D:4-7

Altars:
Fedhas

Shops:
D:2 [   D:4 (

Annotations:
D:3 1 runed translucent door, Crazy Yiuf


Message History

The black bear bites you.
The black bear claws you but does no damage. x2
The black bear bites you.
The black bear claws you but does no damage. x2
You shoot an arrow.
The arrow closely misses the black bear.
The black bear bites you but does no damage.
The black bear claws you.
The black bear claws you but does no damage.
You shoot an arrow. The arrow hits the black bear.
The black bear is severely wounded.
The black bear goes berserk!
You shoot an arrow. The arrow barely misses the black bear.
The black bear bites you! The black bear claws you.
The black bear closely misses you.
The black bear bites you but does no damage.
The black bear claws you. The black bear completely misses you.
You shoot an arrow. The arrow hits the black bear.
The black bear is severely wounded.
The black bear bites you. The black bear misses you.
The black bear barely misses you.
You shoot an arrow. The arrow barely misses the black bear.
The black bear bites you but does no damage.
The black bear claws you but does no damage.
The black bear claws you. The black bear bites you.
The black bear claws you but does no damage.
The black bear barely misses you.
You shoot an arrow. The arrow hits the black bear.
The black bear is almost dead.
The black bear completely misses you. The black bear claws you.
The black bear claws you but does no damage.
The black bear closely misses you. The black bear completely misses you.
The black bear claws you but does no damage.
You shoot an arrow.
The arrow completely misses the black bear.
The black bear bites you but does no damage.
The black bear closely misses you.
The black bear claws you but does no damage.
The black bear bites you!
You die...

#..# #########....
#..# ##<.........#
#..####...........#
#..##............##
#.....%##........#
#.....###..?###...
# #..)..# #...# #..
....###.\...# #...#
## #...h@....#
##.## ##...)....#
#.# #........# #.#
#...##....# #.#
#..## #.....# .#
#$.# #....... ..#
........ .# ###....


You could see a black bear (berserk).

Vanquished Creatures
  A water moccasin (D:3)
  A scorpion (D:4)
  A howler monkey (D:4)
  Terence (D:3)
  3 gnolls (D:2)
  4 adders (D:2)
  3 worms (D:3)
  A dart slug (D:1)
  5 bats
  6 endoplasms
  4 giant cockroaches
  5 goblins
  4 hobgoblins
  6 jackals
  6 quokkas
  9 ball pythons
  3 frilled lizards
  5 kobolds
  2 rats
70 creatures vanquished.

Notes
Turn   | Place    | Note
-------+----------+-------------------------------------------
     0 | D:1      | qw the Gargoyle Hunter began the quest for the Orb.
     0 | D:1      | Reached XP level 1. HP: 12/12 MP: 1/1
     0 | D:1      | 0 ||| qw: Version: 0.3-a-83-gcd0e7d8
     0 | D:1      | 0 ||| qw: Game counter: 1653
     0 | D:1      | 0 ||| qw: Melee chars always use a shield: true
     0 | D:1      | 0 ||| qw: God list: Okawaru
     0 | D:1      | 0 ||| qw: Allow faded altars: false
     0 | D:1      | 0 ||| qw: Do Orc after clearing Dungeon:15 true
     0 | D:1      | 0 ||| qw: Do second Lair branch before Depths: true
     0 | D:1      | 0 ||| qw: Lair rune preference: random
     0 | D:1      | 0 ||| qw: Goals: Normal
     0 | D:1      | 0 ||| PLANNING D:1-11
    94 | D:1      | Reached XP level 2. HP: 17/17 MP: 2/2
   108 | D:1      | 108 ||| Stepping ~*~*~tactically~*~*~ (retreating).
   452 | D:1      | Reached XP level 3. HP: 21/21 MP: 3/3
   637 | D:1      | Reached skill level 5 in Ranged Weapons
   819 | D:1      | 819 ||| UPGRADING to +0 cloak.
   824 | D:1      | 824 ||| READING scroll labelled UKHLID VIKLO.
   825 | D:1      | 825 ||| READING scroll labelled LUIPIRO ECOUSI.
   828 | D:1      | 828 ||| READING 2 scrolls labelled SUUTHRU EMMARAA.
   829 | D:1      | 829 ||| DROPPING scroll of butterflies.
   830 | D:1      | 830 ||| DROPPING scroll of revelation.
   904 | D:2      | 904 ||| Stepping ~*~*~tactically~*~*~ (retreating).
   913 | D:2      | Reached skill level 3 in Fighting
   915 | D:2      | 915 ||| FLEEEEING.
   916 | D:2      | 916 ||| FLEEEEING.
   917 | D:2      | 917 ||| FLEEEEING.
   918 | D:2      | 918 ||| FLEEEEING.
   919 | D:2      | 919 ||| FLEEEEING.
   920 | D:2      | 920 ||| FLEEEEING.
   921 | D:2      | 921 ||| FLEEEEING.
   922 | D:2      | 922 ||| FLEEEEING.
   923 | D:2      | 923 ||| FLEEEEING.
   924 | D:2      | 924 ||| FLEEEEING.
   925 | D:2      | 925 ||| FLEEEEING.
   926 | D:2      | 926 ||| FLEEEEING.
   927 | D:2      | 927 ||| FLEEEEING.
   928 | D:2      | 928 ||| FLEEEEING.
   929 | D:2      | 929 ||| FLEEEEING.
   930 | D:2      | 930 ||| FLEEEEING.
   931 | D:2      | 931 ||| FLEEEEING.
   932 | D:2      | 932 ||| FLEEEEING.
   933 | D:2      | 933 ||| FLEEEEING.
   934 | D:2      | 934 ||| FLEEEEING.
   935 | D:2      | 935 ||| FLEEEEING.
   936 | D:2      | 936 ||| FLEEEEING.
   937 | D:2      | 937 ||| FLEEEEING.
   938 | D:2      | 938 ||| FLEEEEING.
   939 | D:2      | 939 ||| FLEEEEING.
   940 | D:2      | 940 ||| FLEEEEING.
   944 | D:2      | 944 ||| FLEEEEING.
   945 | D:2      | 945 ||| STAIRDANCE
   980 | D:2      | Reached XP level 4. HP: 20/28 MP: 4/4
   980 | D:2      | 980 ||| STAIRDANCE
  1121 | D:2      | Found Osustross's Armour Emporium.
  1129 | D:2      | 1129 ||| SHOPLISTING +0 ring mail "Keapnin" {Rampage rElec}
                  | (216 gold, have 137).
  1129 | D:2      | 1129 ||| SHOPLISTING +1 pair of gloves "Ejaloiv" {+Blink
                  | rCorr} (349 gold, have 137).
  1129 | D:2      | 1129 ||| SHOPLISTING +2 cloak of poison resistance (222
                  | gold, have 137).
  1129 | D:2      | 1129 ||| SHOPLISTING +2 ring mail "Nodopior" {rN+} (302
                  | gold, have 137).
  1129 | D:2      | 1129 ||| SHOPLISTING +2 robe of willpower (212 gold, have
                  | 137).
  1129 | D:2      | 1129 ||| SHOPLISTING +3 ring mail of the Stonemason {rCorr
                  | Str+6} (530 gold, have 137).
  1357 | D:2      | Found a faded altar of an unknown god.
  1476 | D:2      | Reached XP level 5. HP: 29/32 MP: 5/5
  1532 | D:2      | 1532 ||| UPGRADING to +2 pair of gloves of infusion.
  1537 | D:2      | 1537 ||| UPGRADING to +0 ring mail.
  1547 | D:2      | 1547 ||| DROPPING +0 leather armour.
  1548 | D:2      | 1548 ||| READING scroll labelled LELOLO MOFAONO.
  1549 | D:2      | 1549 ||| READING scroll labelled IMULIO BARYIMU.
  1550 | D:2      | 1550 ||| READING scroll labelled CAPHO CUDA HEA.
  1551 | D:2      | 1551 ||| READING scroll labelled RUZASH ASAGEMY.
  1552 | D:2      | 1552 ||| READING scroll labelled LECKYE DOUBRUNTIH.
  1553 | D:2      | 1553 ||| READING scroll labelled UDISUGH KUOZAA.
  1557 | D:2      | 1557 ||| STAIRDANCE
  1562 | D:2      | 1562 ||| FLEEEEING.
  1563 | D:2      | 1563 ||| STAIRDANCE
  1567 | D:2      | 1567 ||| STAIRDANCE
  1577 | D:2      | 1577 ||| STAIRDANCE
  1581 | D:2      | 1581 ||| STAIRDANCE
  1585 | D:2      | 1585 ||| STAIRDANCE
  1589 | D:2      | 1589 ||| STAIRDANCE
  1593 | D:2      | 1593 ||| STAIRDANCE
  1597 | D:2      | 1597 ||| STAIRDANCE
  1601 | D:2      | 1601 ||| STAIRDANCE
  1605 | D:2      | 1605 ||| STAIRDANCE
  1609 | D:2      | 1609 ||| STAIRDANCE
  1613 | D:2      | 1613 ||| STAIRDANCE
  1617 | D:2      | 1617 ||| STAIRDANCE
  1621 | D:2      | 1621 ||| STAIRDANCE
  1625 | D:2      | 1625 ||| STAIRDANCE
  1629 | D:2      | 1629 ||| STAIRDANCE
  1633 | D:2      | 1633 ||| STAIRDANCE
  1791 | D:2      | 1791 ||| READING scroll labelled LAYWNI EFFOURGHOI.
  1997 | D:3      | Reached skill level 1 in Armour
  2350 | D:3      | Found a blossoming altar of Fedhas.
  2449 | D:3      | Noticed a water moccasin
  2450 | D:3      | Noticed Terence
  2451 | D:3      | 2451 ||| RETREEAATING.
  2464 | D:3      | Killed a water moccasin
  2465 | D:3      | Reached skill level 6 in Ranged Weapons
  2465 | D:3      | Reached XP level 6. HP: 20/37 MP: 6/6
  2474 | D:3      | Killed Terence
  2608 | D:3      | Found a runed translucent door.
  2609 | D:3      | Noticed Crazy Yiuf
  2930 | D:3      | 2930 ||| UPGRADING to ring of see invisible.
  2931 | D:3      | 2931 ||| UPGRADING to ring of protection from cold.
  2932 | D:3      | 2932 ||| READING scroll labelled NUETUREINI.
  2933 | D:3      | 2933 ||| DRINKING 3 lumpy orange potions.
  2953 | D:4      | Found Konwiorgh's Antique Weapon Shop.
  2967 | D:4      | Reached skill level 7 in Ranged Weapons
  2993 | D:4      | 2993 ||| SHOPLISTING runed triple crossbow (377 gold, have
                  | 208).
  2993 | D:4      | Noticed a black bear
  3004 | D:4      | HP: 6/38 [black bear (5)]
  3006 | D:4      | Slain by a black bear

Levels and vault maps discovered:
D:1:      dpeg_arrival_connections, layout_loops_ring, minivault_5, st_stairs_7
D:2:      layout_basic, dilly_ecumenical_altar_fadedgnrine, serial_shops,
          nicolae_shop_advertising_works [nicolae_subvault_shop_adworks],
          minmay_heptomino_h4
D:3:      layout_loops_corners, fedhas_altar_4, uniq_terence,
          uniq_crazy_yiuf_cottage
D:4:      layout_layer_cave, minmay_temple_entry_statues_pillars, serial_shops,
          shop

Skill      XL: |  1  2  3  4  5  6 |
---------------+-------------------+-----
Ranged Weapons | 5 6 7 |  7.0
Fighting       | 3 4 |  4.0
Armour         | 1 |  1.0
Dodging        | |  1.5
Stealth        | |  1.1

Action                     |  1- 3 |  4- 6 || total
---------------------------+-------+-------++-------
   Fire: Shortbow          |   103 |   167 ||   270
    Use: Scroll            |     3 |     8 ||    11
         Potion            |       |     1 ||     1
 Armour: Leather armour    |    37 |    22 ||    59
         Ring mail         |       |    62 ||    62
  Dodge: Dodged            |    43 |    66 ||   109

Table legend:
 A = Non-vault XP
 B = Vault XP
 C = Vault XP percentage of total XP
 D = Non-vault monster count
 E = Vault monster count
 F = Vault count percentage of total count
                 A         B        C        D         E       F
            +---------+---------+-------+---------+---------+-------
      Total |     477 |      54 |  10.2 |      65 |       5 |   7.1
            +---------+---------+-------+---------+---------+-------
        D:1 |      39 |       3 |   7.1 |      22 |       2 |   8.3
        D:2 |     114 |      15 |  11.6 |      24 |       2 |   7.7
        D:3 |     182 |      36 |  16.5 |      13 |       1 |   7.1
        D:4 |     142 |       0 |   0.0 |       6 |       0 |   0.0
            +---------+---------+-------+---------+---------+-------
